[Event "Late-Titled-Tuesday-Blitz-July-09-2024"]
[Site "Chess.com"]
[Date "2024.07.09"]
[Round "8"]
[White "WPWPWP-2015"]
[Black "Statham_01"]
[Result "1/2-1/2"]
[WhiteElo "2529"]
[BlackElo "2669"]
[TimeControl "180+1"]
[EndTime "15:30:35 PDT"]
[Termination "Game drawn by repetition"]

1. d4 d5 2. c4 Nc6 3. cxd5 Qxd5 4. e3 e5 5. Nc3 Bb4 6. a3 Bxc3+ 7. bxc3 Nf6 8. Nf3 e4 9. Nd2 O-O 10. Rb1 Qg5 11.
h4 Qg6 12. h5 Qg5 13. Rb5 Qh6 14. Be2 a6 15. Rc5 Nd7 16. Rd5 Ne7 17. Ra5 b6 18.
Ra4 Nd5 19. Qb3 Bb7 20. c4 Ne7 21. Rb4 c5 22. Ra4 Bc6 23. Rh4 Nf5 24. Rf4 Nxd4 25. exd4 Qxf4 26. d5 Bxa4 27. Qxa4 Ne5 28. Qc2 e3 29.
fxe3 Qh4+ 30. Kd1 Rad8 31. Bb2 Ng4 32. Qc3 f6 33. Nf1 Kh8 34. Bc1 b5 35. Kc2 Ne5 36.
cxb5 axb5 37. Bxb5 Rxd5 38. Nd2 Rfd8 39. Nb3 Qe4+ 40.
Kb2 c4 41. Nd4 Nd3+ 42. Kc2 Nb4+ 43. Kb2 Nd3+ 44. Ka2 Nxc1+ 45. Qxc1 Rxd4 46. exd4 Rxd4 47. Ba4 Qe2+ 48. Ka1 Qe5 49. Qb2 h6 50. Ka2 Qd5 51.
Qb8+ Qd8 52. Qxd8+ Rxd8 53. Kb2 Rd2+ 54. Kc3 Rxg2 55.
Kxc4 Rg4+ 56. Kb5 Rg5+ 57. Kb6 Rxh5 58. Bb5 Re5 59. a4 h5 60. a5 Re6+ 61. Bc6 Re3 62. a6 Ra3 63. a7 g5 64. Bb7 Rxa7 65. Kxa7 g4 66. Kb6 h4 67. Kc5 h3 68. Kd4 g3 69. Ke3 f5 70. Bf3 f4+ 71. Ke2 Kg7 72. Kf1 Kf6 73. Bg4 h2 74. Kg2 Kg5 75. Bf3 Kh4 76.
Be4 Kg4 77. Bf3+ Kf5 78. Bc6 Ke5 79. Bb7 Kd4 80. Kh1 Ke3 81. Bc6 Kf2 82. Bd5 Ke2 83. Bf3+ Ke1 84. Be4 Kf2 85. Bd5 Ke1 86. Bc6 Kd2 87.
Bb7 Ke3 88. Ba8 Ke2 89. Bc6 Kf1 90. Bg2+ Kf2 91. Be4 Ke3 92. Bd5 Ke2 93. Bf3+ Kd3 94.
Bd5 Kd4 95. Bc6 Ke5 96. Bb7 Kf5 97. Ba8 Kg4 98. Bf3+ Kh3 99. Bg2+ Kh4 100. Bf3 Kh3 101. Be4 Kg4 102. Bf3+ Kf5 103. Bd5 Ke5 104. Bc6 Kd4 105. Bb7 Ke3 1/2-1/2

[Event "Late-Titled-Tuesday-Blitz-July-09-2024"]
[Site "Chess.com"]
[Date "2024.07.09"]
[Round "9"]
[White "Hirna2005"]
[Black "RantomOpening"]
[Result "1-0"]
[WhiteElo "2436"]
[BlackElo "2568"]
[TimeControl "180+1"]
[EndTime "15:38:09 PDT"]
[Termination "Hirna2005 won by checkmate"]

1. e4 Nc6 2. Nf3 e5 3. Bc4 Nf6 4. d4 exd4 5. e5 d5 6. Bb5 Ne4 7. Nxd4 Bd7 8. Bxc6 bxc6 9. O-O Nc5 10. Nc3 Ne6 11.
f4 c5 12. Nxe6 fxe6 13. f5 d4 14. Qh5+ Ke7 15. Bg5# 1-0

[Event "Late-Titled-Tuesday-Blitz-July-09-2024"]
[Site "Chess.com"]
[Date "2024.07.09"]
[Round "9"]
[White "Patricius007"]
[Black "urano56"]
[Result "0-1"]
[WhiteElo "2543"]
[BlackElo "2430"]
[TimeControl "180+1"]
[EndTime "15:39:01 PDT"]
[Termination "urano56 won by checkmate"]

1. e4 e6 2. d4 d5 3. Nd2 c5 4. exd5 exd5 5. Ngf3 a6 6. dxc5 Bxc5 7. Bd3 Nf6 8. O-O O-O 9. h3 Nc6 10. Nb3 Be7 11.
c3 h6 12. Bc2 Bd6 13. Be3 Re8 14.
Nbd4 Bc7 15. Qd3 Qd6 16. Rfe1 Bd7 17. Nxc6 bxc6 18. Bd4 Ne4 19. c4 Bf5 20. Qb3 Nd2 21. c5 Nxf3+ 22. Qxf3 Qh2+ 23. Kf1 Qh1# 0-1

[Event "Late-Titled-Tuesday-Blitz-July-09-2024"]
[Site "Chess.com"]
[Date "2024.07.09"]
[Round "9"]
[White "KebabJangles"]
[Black "VitorBronson"]
[Result "1-0"]
[WhiteElo "2392"]
[BlackElo "2499"]
[TimeControl "180+1"]
[EndTime "15:39:19 PDT"]
[Termination "KebabJangles won by resignation"]

1. d4 Nf6 2. c4 g6 3. g3 Bg7 4. Bg2 O-O 5. Nc3 d6 6. Nf3 c5 7.
d5 e6 8. O-O exd5 9. cxd5 Na6 10. Bf4 Nc7 11. a4 b6 12. e4 Rb8 13. e5 Nfe8 14.
exd6 Nxd6 15. Ne5 Bb7 16. Nc6 Bxc6 17. dxc6 Nde8 18. Re1 Bd4 19. Nb5 a6 20. Rxe8 Rxe8 21. Nxc7 g5 22. Nxe8 gxf4 23. c7 Qxe8 24. cxb8=Q Qxb8 25.
Qg4+ 1-0

[Event "Late-Titled-Tuesday-Blitz-July-09-2024"]
[Site "Chess.com"]
[Date "2024.07.09"]
[Round "9"]
[White "artin10862"]
[Black "Ganziitoo"]
[Result "1-0"]
[WhiteElo "2920"]
[BlackElo "2421"]
[TimeControl "180+1"]
[EndTime "15:40:00 PDT"]
[Termination "artin10862 won by resignation"]

1. d4 d5 2. c4 e6 3. cxd5 exd5 4. Nc3 c6 5. Nf3 Nf6 6. Qc2 g6 7. Bg5 Be7 8. e3 Bf5 9. Bd3 Bxd3 10. Qxd3 O-O 11.
O-O-O Re8 12. Qc2 Na6 13. Kb1 Rc8 14. h4 Nb4 15. Qb3 b5 16. Bxf6 Bxf6 17. Qxb4 1-0

[Event "Late-Titled-Tuesday-Blitz-July-09-2024"]
[Site "Chess.com"]
[Date "2024.07.09"]
[Round "9"]
[White "GoltsevDmitry2000"]
[Black "vi_pranav"]
[Result "0-1"]
[WhiteElo "2781"]
[BlackElo "2980"]
[TimeControl "180+1"]
[EndTime "15:40:06 PDT"]
[Termination "vi_pranav won by resignation"]

1. e4 e5 2. Nf3 Nc6 3. Bb5 f5 4. d4 Nxd4 5. Nxd4 exd4 6. Qxd4 fxe4 7. Qxe4+ Qe7 8. Qxe7+ Bxe7 9. O-O Nf6 10. Nc3 c6 11. Bd3 O-O 12. Ne4 d5 13. Nxf6+ Bxf6 14. c3 d4 15. Bc4+ Kh8 16. Bd2 Bf5 17. cxd4 Bxd4 18. Bc3 Rad8 19. Rad1 Bxf2+ 20. Kxf2 Bg4+ 21. Kg3 Bxd1 22. Re1 Rfe8 23. Rf1 Re3+ 24. Kh4 Re4+ 0-1

[Event "Late-Titled-Tuesday-Blitz-July-09-2024"]
[Site "Chess.com"]
[Date "2024.07.09"]
[Round "9"]
[White "BardArtem"]
[Black "NovoselovRoman"]
[Result "0-1"]
[WhiteElo "2773"]
[BlackElo "2579"]
[TimeControl "180+1"]
[EndTime "15:40:14 PDT"]
[Termination "NovoselovRoman won by resignation"]

1. e4 e6 2. d4 d5 3. Nc3 Nf6 4. exd5 exd5 5. a3 Nc6 6. Bb5 h6 7. Nf3 Bd6 8. Bxc6+ bxc6 9. O-O O-O 10. h3 Bb7 11.
Re1 c5 12. Nb5 Ne4 13. Nxd6 Qxd6 14. dxc5 Qxc5 15. Be3 Qd6 16. Nd2 Rfe8 17. Nxe4 Rxe4 18. f3 Re6 19. b4 a5 20. Bc5 Qd7 21. Qd2 axb4 22. axb4 Rxa1 23. Rxa1 Rg6 24. Kh2 Qf5 25. Ra7 Bc6 26. Rxc7 Qe5+ 27. Qf4 Qxf4+ 0-1

[Event "Late-Titled-Tuesday-Blitz-July-09-2024"]
[Site "Chess.com"]
[Date "2024.07.09"]
[Round "9"]
[White "betta2004"]
[Black "ZakinIlay2306"]
[Result "0-1"]
[WhiteElo "2475"]
[BlackElo "2324"]
[TimeControl "180+1"]
[EndTime "15:40:18 PDT"]
[Termination "ZakinIlay2306 won by resignation"]

1. Nf3 c5 2. e3 Nf6 3. b3 g6 4. Bb2 Bg7 5. d4 cxd4 6. exd4 O-O 7. Nbd2 d5 8. Bd3 Nc6 9. O-O Bg4 10. h3 Bf5 11. Ne5 Bxd3 12. Nxd3 Ne4 13. Nxe4 dxe4 14. Ne5 Nxe5 15. dxe5 Qc7 16. Qd4 Qxc2 17. Rac1 Qd3 18.
Qxd3 exd3 19. Rfd1 Rfd8 20. Rc7 e6 21. Rxb7 Rac8 22.
Ba3 d2 23. f4 Bh6 24. g3 g5 25. Be7 Rc1 26. Bxd8 Rxd1+ 27. Kf2 Rf1+ 28. Kxf1 d1=Q+ 29. Kf2 Qxd8 0-1

[Event "Late-Titled-Tuesday-Blitz-July-09-2024"]
[Site "Chess.com"]
[Date "2024.07.09"]
[Round "9"]
[White "Nf3c5"]
[Black "RebecaJimnz"]
[Result "1-0"]
[WhiteElo "2631"]
[BlackElo "2304"]
[TimeControl "180+1"]
[EndTime "15:40:58 PDT"]
[Termination "Nf3c5 won by resignation"]

1. Nf3 d5 2. g3 Nf6 3. Bg2 e6 4. O-O Be7 5. c4 O-O 6. b3 c5 7. cxd5 exd5 8. d4 b6 9. Bb2 Bb7 10. Nc3 c4 11. Ne5 cxb3 12. Qxb3 Nc6 13. Nxd5 Na5 14.
Nxe7+ Qxe7 15. Qa3 Bxg2 16. Qxe7 1-0

[Event "Late-Titled-Tuesday-Blitz-July-09-2024"]
[Site "Chess.com"]
[Date "2024.07.09"]
[Round "9"]
[White "ural58"]
[Black "Vaporwaffle94"]
[Result "1-0"]
[WhiteElo "2462"]
[BlackElo "2281"]
[TimeControl "180+1"]
[EndTime "15:41:20 PDT"]
[Termination "ural58 won by checkmate"]

1. e4 e5 2. f4 d6 3. Nc3 Nc6 4. Bb5 Ne7 5. Nf3 a6 6. Bc4 g6 7. d4 exd4 8. Nxd4 Bg7 9. Be3 O-O 10. Qd2 Nxd4 11. Bxd4 Nc6 12. Bxg7 Kxg7 13. O-O-O f5 14. Rhe1 fxe4 15. Nxe4 Bg4 16. Qc3+ Kh6 17. Ng5 Rxf4 18. Rd5 Ne5 19. Rexe5 dxe5 20. Rxd8 Rxd8 21. Nf3 e4 22. Qe5 Rf5 23. Qxe4 Bh5 24. Qe3+ g5 25. Bd3 Bg6 26. Bxf5 Bxf5 27. Qxg5# 1-0

[Event "Late-Titled-Tuesday-Blitz-July-09-2024"]
[Site "Chess.com"]
[Date "2024.07.09"]
[Round "9"]
[White "Matalon"]
[Black "VirtualCoach"]
[Result "1-0"]
[WhiteElo "2470"]
[BlackElo "2303"]
[TimeControl "180+1"]
[EndTime "15:41:24 PDT"]
[Termination "Matalon won by resignation"]

1. e4 c5 2. Nf3 d6 3. d4 cxd4 4.
Nxd4 Nf6 5. Nc3 a6 6. Be2 e5 7. Nb3 Be6 8. O-O Be7 9. Be3 O-O 10. Qd2 Nbd7 11. a4 Rc8 12. Rfd1 Qc7 13. f3 Rfd8 14. a5 Nc5 15. Nxc5 dxc5 16. Qe1 Qc6 17. Na4 Rxd1 18. Qxd1 Rd8 19. Qe1 Nd7 20. b3 Rc8 21. c4 Bd8 22.
Nc3 b6 23. axb6 Qxb6 24. Bd1 Qb4 25. Bc2 Ba5 26. Bd2 Qb7 27. Rxa5 Rd8 28. Nd5 Bxd5 29. exd5 Nb6 30. Qxe5 Qd7 31. Bc3 f6 32. Qe4 Re8 33.
Qxh7+ Kf8 34. Bg6 Re3 35. Qh8+ Ke7 36. Qxg7+ Kd8 37. Bxf6+ Kc8 38. Rxc5+ Kb8 39. Qxd7 Nxd7 40. Rc6 Rxb3 41. Rxa6 Nc5 42. Rc6 Nd3 43. h4 Nf4 44.
Be5+ 1-0

[Event "Late-Titled-Tuesday-Blitz-July-09-2024"]
[Site "Chess.com"]
[Date "2024.07.09"]
[Round "9"]
[White "sammartin99"]
[Black "Zq1"]
[Result "0-1"]
[WhiteElo "2420"]
[BlackElo "2582"]
[TimeControl "180+1"]
[EndTime "15:41:43 PDT"]
[Termination "Zq1 won by resignation"]

1. d4 Nf6 2. c4 a6 3. Nc3 c5 4. Nf3 cxd4 5. Nxd4 d5 6. cxd5 Nxd5 7.
Nb3 Nxc3 8. Qxd8+ Kxd8 9. bxc3 e5 10. g3 Bd7 11. Bg2 Bc6 12. e4 Kc7 13. Be3 Nd7 14. Na5 Ba4 15. O-O b6 16. Nb3 Rc8 17. Bh3 Ba3 18.
Rfd1 Rhd8 19. Rd2 Rb8 20. Rad1 f6 21. f4 Nc5 22. Nxc5 Bxc5 23. Bxc5 Bxd1 0-1

[Event "Late-Titled-Tuesday-Blitz-July-09-2024"]
[Site "Chess.com"]
[Date "2024.07.09"]
[Round "9"]
[White "LUISMIGUELOV"]
[Black "HouseOfDurin"]
[Result "0-1"]
[WhiteElo "2219"]
[BlackElo "2317"]
[TimeControl "180+1"]
[EndTime "15:41:52 PDT"]
[Termination "HouseOfDurin won by checkmate"]

1. d4 Nf6 2. c3 c5 3. Bg5 Ne4 4. h4 cxd4 5. Qxd4 d5 6. e3 Nc6 7. Bb5 f6 8. Bxc6+ bxc6 9. Bf4 e5 10. Qa4 exf4 11. Qxc6+ Bd7 12. Qxd5 Nc5 13. exf4 Be6 14. Qxd8+ Rxd8 15. b4 Nd3+ 16. Ke2 Nxf4+ 17. Kf3 Nd3 18. Ne2 h5 19. Nd4 Bd5+ 20. Kg3 Bd6+ 21. Kh3 Nxf2# 0-1

[Event "Late-Titled-Tuesday-Blitz-July-09-2024"]
[Site "Chess.com"]
[Date "2024.07.09"]
[Round "9"]
[White "Nbk90"]
[Black "Yahisalem"]
[Result "1-0"]
[WhiteElo "2229"]
[BlackElo "1945"]
[TimeControl "180+1"]
[EndTime "15:41:54 PDT"]
[Termination "Nbk90 won by resignation"]

1. Nf3 d6 2. b3 Nf6 3. Bb2 g6 4. d4 Bg7 5. e3 O-O 6. Bd3 Bg4 7.
Nbd2 Nc6 8. O-O e5 9. h3 Bxf3 10.
Qxf3 exd4 11. exd4 Nd7 12. c3 Nb6 13. Nc4 Nxc4 14.
Bxc4 Ne7 15. Qxb7 c6 16. Rfe1 Re8 17. d5 cxd5 18. Bb5 Rb8 19. Qd7 Nf5 20. Rxe8+ Qxe8 21. Qxe8+ Rxe8 22. Bxe8 d4 23. cxd4 Nxd4 24. Bxd4 Bxd4 25. Rd1 Bc5 26. Rd5 Kf8 27. Rxc5 dxc5 28. Bb5 Ke7 29. Bc4 f6 30. Kf1 h5 31. Ke2 Kd6 32. Kd3 Ke5 33. Ke3 g5 34. g3 f5 35. f4+ gxf4+ 36. gxf4+ Kf6 37. h4 1-0

[Event "Late-Titled-Tuesday-Blitz-July-09-2024"]
[Site "Chess.com"]
[Date "2024.07.09"]
[Round "9"]
[White "ACollins05"]
[Black "Seppppppy"]
[Result "0-1"]
[WhiteElo "2481"]
[BlackElo "2326"]
[TimeControl "180+1"]
[EndTime "15:42:00 PDT"]
[Termination "Seppppppy won by resignation"]

1. d4 Nf6 2. c4 c5 3. d5 b5 4.
cxb5 a6 5. bxa6 g6 6. Nc3 Bg7 7. e4 O-O 8. e5 Ne8 9. h4 Bxe5 10. h5 Qa5 11. Nf3 Bf6 12. Bd2 Bxa6 13. Ne4 Qb6 14. Nxf6+ Nxf6 15. hxg6 fxg6 16. Bc3 Bxf1 17. Kxf1 Qb7 18. d6 e6 19. Kg1 Ne4 20. Be5 Qd5 21. Qxd5 exd5 22. a3 Nc6 23. Rd1 Nxe5 24. Nxe5 Nxf2 25.
Rxd5 Nxh1 26. Kxh1 Rf1+ 27. Kh2 Rf5 28. Nxd7 Rxd5 29.
Nf6+ Kf7 30. Nxd5 Rd8 31. Nc3 Rxd6 32. Ne4 Rb6 33. Nxc5 Rxb2 34. Kg3 Rc2 35. Ne4 Ra2 36. Kf4 Rxa3 37. g4 Ra4 38. Ke5 Ra5+ 39. Kf4 h6 40. g5 Rf5+ 41. Kg4 h5+ 42. Kg3 Ke6 43. Kg2 Ke5 0-1

[Event "Late-Titled-Tuesday-Blitz-July-09-2024"]
[Site "Chess.com"]
[Date "2024.07.09"]
[Round "9"]
[White "saikrishnaReturns"]
[Black "Bilan_Danila"]
[Result "1-0"]
[WhiteElo "2792"]
[BlackElo "2597"]
[TimeControl "180+1"]
[EndTime "15:42:02 PDT"]
[Termination "saikrishnaReturns won on time"]

1. e4 c6 2. d4 d5 3. Nc3 dxe4 4.
Nxe4 Bf5 5. Ng3 Bg6 6. h4 h6 7.
Nf3 Nd7 8. Bd3 Bxd3 9. Qxd3 e6 10. Bf4 Ngf6 11. O-O-O Be7 12. Kb1 Qa5 13. Bd2 Qc7 14. Ne4 Nxe4 15. Qxe4 Nf6 16. Qe2 O-O-O 17. c4 c5 18. Bc3 Qf4 19. Rhe1 Bd6 20. g3 Qf5+ 21. Ka1 Rhe8 22. Qe3 Ng4 23. Qe2 cxd4 24. Nxd4 Qg6 25. Nb5 Bb8 26. Bd4 a6 27. Na7+ Bxa7 28. Bxa7 Rxd1+ 29. Rxd1 Rd8 30. Bb6 Rxd1+ 31. Qxd1 Qf6 32. Qxg4 1-0

[Event "Late-Titled-Tuesday-Blitz-July-09-2024"]
[Site "Chess.com"]
[Date "2024.07.09"]
[Round "9"]
[White "cthulhuuu"]
[Black "CarlosjPineror"]
[Result "0-1"]
[WhiteElo "2471"]
[BlackElo "2665"]
[TimeControl "180+1"]
[EndTime "15:42:04 PDT"]
[Termination "CarlosjPineror won on time"]

1. e4 c5 2. Nf3 e6 3. d3 Nc6 4. g3 d5 5. Nbd2 Nf6 6. Bg2 Be7 7. O-O O-O 8. e5 Nd7 9. Re1 b5 10. h4 a5 11. Nf1 b4 12. Bf4 a4 13. a3 bxa3 14. bxa3 Ba6 15. Ne3 Nd4 16. Nxd4 cxd4 17. Ng4 h5 18. Nh2 g6 19. Nf3 Qb6 20. Bg5 Bxg5 21.
Nxg5 Rac8 22. g4 hxg4 23. Qxg4 Rxc2 24. Rad1 Nc5 25. h5 Bxd3 26. Rxd3 Nxd3 27. hxg6 fxg6 28. Nxe6 Nxe5 29. Rxe5 Rf6 30. Nf4 Rc1+ 31. Kh2 Qd6 32. Bxd5+ Kg7 33. Nh5+ Kh8 34. Nxf6 Qxe5+ 35. f4 Qxf6 36.
Qh3+ Kg7 37. Qd7+ Kf8 38. Qc8+ Rxc8 0-1

[Event "Late-Titled-Tuesday-Blitz-July-09-2024"]
[Site "Chess.com"]
[Date "2024.07.09"]
[Round "9"]
[White "WPWPWP-2015"]
[Black "annasargsyan_m"]
[Result "0-1"]
[WhiteElo "2524"]
[BlackElo "2693"]
[TimeControl "180+1"]
[EndTime "15:42:06 PDT"]
[Termination "annasargsyan_m won by resignation"]

1. e4 c6 2. d4 d5 3. Nc3 dxe4 4. Nxe4 Bf5 5. Ng3 Bg6 6. N1e2 Nf6 7. h4 h6 8. Nf4 Bh7 9. Bc4 e6 10. c3 Bd6 11.
Qe2 O-O 12. Be3 Qc7 13. Ngh5 Nbd7 14. Nxf6+ Nxf6 15. Nd3 b5 16. Bb3 a5 17. Bc2 b4 18. g4 bxc3 19. bxc3 Nd5 20. Qd2 e5 21. dxe5 Bxe5 22. Nxe5 Qxe5 23. Bxh7+ Kxh7 24. Qd4 Qe6 25. O-O Rae8 26. Rfe1 f5 27. g5 f4 28. Qd3+ Kh8 29.
Bc5 Qg4+ 30. Kh2 f3 31. Qf1 Nf4 32. Rxe8 Qxh4+ 33. Kg1 Qxg5+ 34. Kh2 Rxe8 35. Bd6 Qh4+ 36. Kg1 Ne2+ 0-1

[Event "Late-Titled-Tuesday-Blitz-July-09-2024"]
[Site "Chess.com"]
[Date "2024.07.09"]
[Round "9"]
[White "Michalczak"]
[Black "KVAIDAN"]
[Result "0-1"]
[WhiteElo "2494"]
[BlackElo "2390"]
[TimeControl "180+1"]
[EndTime "15:42:06 PDT"]
[Termination "KVAIDAN won by resignation"]

1. e4 e5 2. Nf3 d5 3. exd5 e4 4. Qe2 Nf6 5. d3 Bb4+ 6. Nfd2 O-O 7. dxe4 Nxe4 8. c3 Nxd2 9. Bxd2 Re8 10. Be3 Bc5 11.
Qf3 Nd7 12. Bb5 c6 13. dxc6 Ne5 14. Qg3 bxc6 15. Be2 Bxe3 16. fxe3 Nd3+ 17. Kf1 Nxb2 18. h4 Nd1 19. Na3 Nxe3+ 20. Kf2 Nf5 21. Qg5 Qb6+ 22.
Kf1 Ne3+ 23. Ke1 Qb2 0-1

[Event "Late-Titled-Tuesday-Blitz-July-09-2024"]
[Site "Chess.com"]
[Date "2024.07.09"]
[Round "9"]
[White "santig8"]
[Black "SharathRk6"]
[Result "0-1"]
[WhiteElo "2279"]
[BlackElo "2437"]
[TimeControl "180+1"]
[EndTime "15:42:09 PDT"]
[Termination "SharathRk6 won on time"]

1. e4 e5 2. Nf3 Nc6 3. Bc4 Bc5 4.
c3 Nf6 5. d4 exd4 6. b4 Be7 7. e5 Ne4 8. b5 Na5 9. Bd5 Nxc3 10.
Nxc3 dxc3 11. O-O O-O 12. h4 c6 13. Be4 d5 14. exd6 Qxd6 15. Qc2 f5 16. Bd3 Be6 17. Re1 Rad8 18. Bf1 Bd5 19. Qxc3 Bf6 20. Qxa5 Bxa1 21. Ba3 Qf6 22. Bxf8 Rxf8 23. Ng5 Bc3 24. Qxa7 Bxe1 25.
Qxb7 Qd4 26. Nh3 cxb5 27. Qxb5 Bd2 28. a4 f4 29. a5 f3 30. g3 Be6 31. a6 Bxh3 32.
Bxh3 Be1 0-1

[Event "Late-Titled-Tuesday-Blitz-July-09-2024"]
[Site "Chess.com"]
[Date "2024.07.09"]
[Round "9"]
[White "Nekoo04"]
[Black "KNVB"]
[Result "1-0"]
[WhiteElo "2438"]
[BlackElo "2659"]
[TimeControl "180+1"]
[EndTime "15:42:13 PDT"]
[Termination "Nekoo04 won on time"]

1. Nf3 b6 2. c4 Bb7 3. e3 c5 4. b3 e6 5. Bb2 Nf6 6. Nc3 Be7 7. g3 d6 8. Bg2 O-O 9. O-O a6 10. Qe2 Qc7 11. d3 Re8 12. Rad1 Nbd7 13. Ne1 d5 14. f4 Bd6 15. e4 d4 16. e5 Bxg2 17. Nxg2 dxc3 18.
Bxc3 Be7 19. exf6 Bxf6 20. Qb2 b5 21. Ne3 Bxc3 22. Qxc3 Nf6 23. f5 e5 24. g4 h6 25.
h4 Qd6 26. Kg2 Qd4 27. Qd2 Nxg4 28. Rf3 e4 29. Rg3 Nxe3+ 30. Qxe3 Qxe3 31. Rxe3 exd3 32. Rdxd3 Kf8 33. Rxe8+ Rxe8 34. Rd2 1-0

[Event "Late-Titled-Tuesday-Blitz-July-09-2024"]
[Site "Chess.com"]
[Date "2024.07.09"]
[Round "9"]
[White "ReinisUz"]
[Black "rionelG"]
[Result "1-0"]
[WhiteElo "2557"]
[BlackElo "2411"]
[TimeControl "180+1"]
[EndTime "15:42:15 PDT"]
[Termination "ReinisUz won on time"]

1. c4 c5 2. Nc3 g6 3. g3 Bg7 4.
Bg2 Nc6 5. e4 d6 6. Nge2 Nd4 7.
O-O e6 8. d3 Ne7 9. Rb1 Nec6 10. a3 O-O 11. b4 Nxe2+ 12. Nxe2 Nd4 13. Nxd4 Bxd4 14. Bb2 Qf6 15. Bxd4 Qxd4 16. Qc2 Rb8 17. Rfc1 b6 18. Qc3 Qxc3 19. Rxc3 Bd7 20. f4 Rfd8 21.
b5 Kf8 22. a4 e5 23. Ra1 Rb7 24. a5 Rdb8 25. axb6 axb6 26. Ra6 Ke7 27. Rca3 f6 28. Ra7 Kd8 29. Rxb7 Rxb7 30. Ra8+ Ke7 31. Rh8 h5 32. Rh7+ Kf8 33. Bh3 Ke8 34. Be6 Ra7 35. Bf7+ Kf8 36.
Bxg6 Ra1+ 37. Kf2 Ra2+ 38. Ke3 1-0

[Event "Late-Titled-Tuesday-Blitz-July-09-2024"]
[Site "Chess.com"]
[Date "2024.07.09"]
[Round "9"]
[White "Boorchess"]
[Black "Queensandpawns"]
[Result "0-1"]
[WhiteElo "2501"]
[BlackElo "2336"]
[TimeControl "180+1"]
[EndTime "15:42:16 PDT"]
[Termination "Queensandpawns won by resignation"]

1. d4 Nc6 2. Nf3 d6 3. Bf4 Nf6 4. e3 g6 5. h3 Bg7 6. Bb5 O-O 7. O-O a6 8. Be2 Re8 9. c3 b5 10. Nbd2 Bb7 11. a4 b4 12. a5 e5 13. Bh2 e4 14.
Ne1 Rb8 15. Qa4 bxc3 16. bxc3 Nd5 17. Rc1 Qd7 18. Bc4 Nf6 19. Nc2 Red8 20. Rb1 d5 21.
Be2 Ne8 22. c4 Nxd4 23. Qxd7 Nxe2+ 24. Kh1 Rxd7 25. cxd5 Nc3 26. Rb3 Rxd5 27. Nc4 Rb5 28. Rxb5 axb5 29. Ne5 Ra8 30. Ra1 Nd6 31. Nd7 Na4 32. Rb1 Rxa5 33. Nb4 Nc3 34. Rc1 Ra4 35. Nc2 Ra2 36. Nd4 b4 37. Nc5 Bd5 38. Bg3 Bxd4 39.
exd4 Ne2 40. Rb1 Nxg3+ 41. fxg3 e3 42. Re1 Rxg2 0-1

[Event "Late-Titled-Tuesday-Blitz-July-09-2024"]
[Site "Chess.com"]
[Date "2024.07.09"]
[Round "9"]
[White "ninguno46"]
[Black "Bkmzzzzz"]
[Result "1-0"]
[WhiteElo "2573"]
[BlackElo "2416"]
[TimeControl "180+1"]
[EndTime "15:42:19 PDT"]
[Termination "ninguno46 won by resignation"]

1. Nf3 Nf6 2. c4 e6 3. g3 b6 4. Bg2 Bb7 5. O-O Be7 6. b3 O-O 7. Bb2 d6 8. e3 c5 9. Qe2 Nc6 10. Nc3 a6 11. d3 Qc7 12. Rad1 Rad8 13. Ne1 d5 14. Nb1 d4 15. e4 e5 16. Bc1 Bc8 17. h3 h6 18. f4 Nh7 19. Nf3 Rde8 20. f5 f6 21. h4 Nd8 22. Bh3 Nf7 23. Bg4 Rd8 24.
Bh5 Bd7 25. Rf2 Be8 26. Bg6 Nd6 27. Bxh7+ Kxh7 28. g4 b5 29. Rg2 Nf7 30. Kh1 bxc4 31. bxc4 Rb8 32. Nbd2 Nd6 33. Rdg1 Qa5 34. g5 Bh5 35.
gxh6 Ne8 36. hxg7 Rg8 37. Ng5+ Kh6 38. Ndf3 Nxg7 39. Ne6+ Kh7 40. Nxg7 1-0

[Event "Late-Titled-Tuesday-Blitz-July-09-2024"]
[Site "Chess.com"]
[Date "2024.07.09"]
[Round "9"]
[White "AmbartsumianTyhran2012"]
[Black "Vladimir_Zakhartsov"]
[Result "0-1"]
[WhiteElo "2625"]
[BlackElo "2908"]
[TimeControl "180+1"]
[EndTime "15:42:28 PDT"]
[Termination "Vladimir_Zakhartsov won by resignation"]

1. e4 c5 2. Nf3 d6 3. Bb5+ Bd7 4. c4 g6 5. Nc3 Bg7 6. O-O Nc6 7. Bxc6 bxc6 8. d3 e5 9. Bd2 Ne7 10. Qc1 h6 11. a3 a5 12. Na4 g5 13. b4 axb4 14. axb4 cxb4 15. c5 d5 16. Bxb4 O-O 17. Nb6 Rxa1 18. Qxa1 Be6 19. Nxe5 dxe4 20. dxe4 Ng6 21.
Bc3 Nf4 22. Re1 Qc7 23. Nf3 Bxc3 24. Qxc3 Rd8 25. Qf6 Kh7 26. h4 g4 27. Ne5 Nh5 28.
Qxd8 Qxd8 29. g3 Nxg3 30. Nxc6 Qxh4 31. fxg3 Qxg3+ 32. Kf1 Qf3+ 33. Kg1 g3 34. Rf1 Qe2 0-1

[Event "Late-Titled-Tuesday-Blitz-July-09-2024"]
[Site "Chess.com"]
[Date "2024.07.09"]
[Round "9"]
[White "enriquebutti"]
[Black "KorolDimitriy75"]
[Result "1-0"]
[WhiteElo "2198"]
[BlackElo "2387"]
[TimeControl "180+1"]
[EndTime "15:42:29 PDT"]
[Termination "enriquebutti won on time"]

1. d4 Nf6 2. Nf3 g6 3. c4 c5 4. Nc3 cxd4 5. Nxd4 Nc6 6. g3 Bg7 7.
Bg2 O-O 8. c5 Ng4 9. Nb3 a5 10.
Na4 d6 11. cxd6 exd6 12. h3 Nge5 13. O-O Be6 14. Nc3 a4 15. Nd2 a3 16. Nde4 axb2 17. Bxb2 Nc4 18. Qc2 Nd4 19. Qc1 Qb6 20. Rb1 Nxb2 21.
Rxb2 Qa6 22. Qb1 Rac8 23. e3 Nf5 24. Rb6 d5 25. Rxa6 dxe4 26. Nxe4 Bc4 27. Qxb7 Rb8 28.
Qa7 1-0

[Event "Late-Titled-Tuesday-Blitz-July-09-2024"]
[Site "Chess.com"]
[Date "2024.07.09"]
[Round "9"]
[White "Slovineanu"]
[Black "Defenstrator"]
[Result "1-0"]
[WhiteElo "2520"]
[BlackElo "2385"]
[TimeControl "180+1"]
[EndTime "15:42:31 PDT"]
[Termination "Slovineanu won by resignation"]

1. d4 b6 2. Nf3 Bb7 3. e3 g6 4. c4 Bg7 5. Nbd2 d6 6. Be2 Nd7 7. O-O e6 8. b4 a5 9. bxa5 Rxa5 10. a4 Ne7 11. Nb3 Ra8 12. Bb2 O-O 13. a5 bxa5 14. Nxa5 Be4 15. Nd2 Qb8 16. Bc3 Nf6 17. Qa4 Nc6 18.
Nxc6 Rxa4 19. Nxb8 Rxa1 20. Rxa1 Rxb8 21. Nxe4 Nxe4 22. Be1 c5 23. f3 cxd4 24. fxe4 d3 25. Ra2 dxe2 26. Rxe2 Rb2 27. Kf2 Rxe2+ 28. Kxe2 Kf8 29.
Bb4 Ke7 30. g4 Be5 31. h3 Kf6 32. Kf3 Kg5 33. Ba5 Kh4 34. Kg2 Bb2 35. Bd8+ g5 36. Ba5 1-0

[Event "Late-Titled-Tuesday-Blitz-July-09-2024"]
[Site "Chess.com"]
[Date "2024.07.09"]
[Round "9"]
[White "NovakRatko"]
[Black "marvinguevara"]
[Result "1-0"]
[WhiteElo "2350"]
[BlackElo "2090"]
[TimeControl "180+1"]
[EndTime "15:42:37 PDT"]
[Termination "NovakRatko won on time"]

1. d4 Nf6 2. c4 d6 3. f4 c6 4. Nc3 Qc7 5. e4 Bg4 6. Qb3 g6 7. e5 dxe5 8. fxe5 Nfd7 9. h3 Bf5 10. Nf3 h5 11. Bf4 c5 12. Nd5 Qa5+ 13. Bd2 Qd8 14. Qxb7 Bg7 15. Nc7+ Kf8 16. Nxa8 Kg8 17. Bf4 e6 18.
Rd1 Bf8 19. d5 Qa5+ 20. Bd2 Qxa2 21. Bc3 Kg7 22. Be2 Be7 23. O-O Qa4 24. Nc7 Qc2 25. Rfe1 1-0

[Event "Late-Titled-Tuesday-Blitz-July-09-2024"]
[Site "Chess.com"]
[Date "2024.07.09"]
[Round "9"]
[White "1g60-1"]
[Black "manitodeplomo"]
[Result "0-1"]
[WhiteElo "2478"]
[BlackElo "2615"]
[TimeControl "180+1"]
[EndTime "15:42:41 PDT"]
[Termination "manitodeplomo won by resignation"]

1. e4 c5 2. Nf3 Nc6 3. d4 cxd4 4. Nxd4 g6 5. c4 Nf6 6. Nc3 Nxd4 7. Qxd4 d6 8. Bg5 Bg7 9. Qd2 O-O 10. O-O-O Be6 11.
Bh6 Qa5 12. Bxg7 Kxg7 13. h4 Rfc8 14. h5 Bxc4 15. Bxc4 Rxc4 16. hxg6 fxg6 17. Kb1 h5 18. f3 Rac8 19. Rc1 Qe5 20. g4 b5 21. g5 Nd7 22. f4 Qc5 23. Ne2 Qf2 24. b3 Rxc1+ 25. Rxc1 Rxc1+ 26. Kxc1 Nc5 27. Qc2 Qe3+ 28. Kb2 Qxe4 29.
Qc3+ Kf7 30. Ng3 Qxf4 0-1